 Dungeon Crawl Stone Soup version 0.30-a0-377-g5cb311bc9f (webtiles) character file.

Game seed: 3367628811779343043

161 Decritt the Magician (level 5, -1/40 HPs)
             Began as a Djinni Air Elementalist on Nov 28, 2022.
             Killed from afar by an orc wizard (7 damage)
             ... with a magic dart
             ... on level 2 of the Dungeon.
             The game lasted 00:05:39 (2913 turns).

Decritt the Magician (Djinni Air Elementalist)      Turns: 2913, Time: 00:05:40

Health: -1/40      AC:  5    Str: 13    XL:     5   Next: 70%
Gold:   135        EV: 12    Int: 19    God:
                   SH:  0    Dex: 13

rFire   + + .      SeeInvis .    (no weapon)
rCold   x . .      Faith    .    (no shield)
rNeg    . . .      Spirit   .    a - +0 robe
rPois   ∞          Reflect  .    (no helmet)
rElec   .          Harm     .    (no cloak)
rCorr   .          Rampage  .    k - +2 pair of gloves
Will    .....                    (boots unavailable)
Stlth   ++........               (no amulet)
HPRegen 0.26/turn                h - +6 ring of strength
MPRegen 0.00/turn                (no ring)

@: flying
A: sickness immunity, fire resistance 2, cold vulnerability 1, float, innate
caster, HP casting, extra vitality 1
a: no special abilities


You were on level 2 of the Dungeon.
You visited 1 branch of the dungeon, and saw 3 of its levels.

You collected 135 gold pieces.

Inventory:

Armour
 a - a +0 robe (worn)
 k - a +2 pair of gloves (worn)
Jewellery
 h - a +6 ring of strength (left hand)
Scrolls
 f - a scroll of teleportation
Potions
 b - a potion of degeneration {unknown}
 c - a potion of berserk rage {unknown}


   Skills:
 * Level 3.3 Fighting
 - Level 2.1 Dodging
 - Level 1.5 Stealth
 * Level 3.6 Spellcasting


You couldn't memorise any spells.
You knew the following spells:

 Your Spells              Type           Power      Damage    Failure   Level
a - Shock                 Conj/Air       68%        1d7       3%          1
b - Airstrike             Air            8%         2d(2-18)  30%         4
c - Beastly Appendage     Tmut           34%        N/A       3%          1
d - Static Discharge      Conj/Air       34%        2-4/arc   4%          2
e - Swiftness             Air            17%        N/A       10%         3
f - Poisonous Vapours     Pois/Air       34%        N/A       4%          2
Your spell library was empty.

Dungeon Overview and Level Annotations

Branches:
Dungeon (3/15)

Altars:


Innate Abilities, Weirdness & Mutations

You are immune to sickness and miasma.
You are immune to poison.
Your flesh is very heat resistant. (rF++)
You are vulnerable to cold. (rC-)
You float through the air rather than walking.
You learn spells naturally, not from books.
Your magical power is your life essence.
You have superior vitality. (+4 MHP)


Message History

You closely miss something. Something hits you.
* * * LOW HITPOINT WARNING * * *
You hit something but do no damage. Something hits you but does no damage.
Unknown command.
You closely miss something. Something hits you but does no damage.
You miss something. Something hits you but does no damage.
Unknown command.
You miss something. Something hits you.
* * * LOW HITPOINT WARNING * * *
You hit something but do no damage. Something hits you.
* * * LOW HITPOINT WARNING * * *
You hit something but do no damage. Something hits you but does no damage.
Unknown command.
You hit something.
You hear some strange, mumbled words.
A magic dart appears from out of thin air!
The magic dart hits you!
* * * LOW HITPOINT WARNING * * *
You closely miss something. Something hits you but does no damage.
Unknown command.
You closely miss something. Something hits you but does no damage.
You barely miss something. Something hits you.
* * * LOW HITPOINT WARNING * * *
You closely miss something. Something hits you.
* * * LOW HITPOINT WARNING * * *
You hit something but do no damage. Something hits you but does no damage.
Unknown command.
You miss something. Something hits you but does no damage.
Unknown command.
You barely miss something. Something hits you but does no damage.
Unknown command.
You hit something.
An orc wizard appears from thin air!
Reactivating autopickup.
The orc wizard hits you with a +0 dagger.
* * * LOW HITPOINT WARNING * * *
You closely miss the orc wizard.
The orc wizard is severely wounded.
The orc wizard casts a spell at you. The magic dart hits you!
You die...

#....# #....#
############ #....#
#..........# #.##.#
#..........# #.##.#
#..........# #.##.#
#.....<....#
#.##.########..........#
#.##.>.....##..........#
#...†.o@...##..........#
####.......##..........#
#.........#....######
##........#.o..#
#........#....#
######.###....######
#.#...........#
#.####.######.#
#####..###....# #.#


You could see an orc wizard.

Vanquished Creatures
  A phantom (D:2)
  An orc wizard (D:3)
  2 adders (D:2)
  A dart slug (D:1)
  2 orcs (D:3)
  3 ball pythons
  6 endoplasms (D:1)
  2 giant cockroaches
  6 goblins
  4 hobgoblins
  3 kobolds (D:1)
  2 quokkas (D:1)
  2 bats
  A frilled lizard (D:2)
  3 rats
39 creatures vanquished.

Vanquished Creatures (others)
  2 fungi (D:1)
  A plant (D:1)
3 creatures vanquished.

Grand Total: 42 creatures vanquished

Notes
Turn   | Place    | Note
-------+----------+-------------------------------------------
     0 | D:1      | Decritt the Djinni Air Elementalist began the quest for the
                  | Orb.
     0 | D:1      | Decritt set off with the following spells memorised: Shock,
                  | Static Discharge, Swiftness, Airstrike.
     0 | D:1      | Reached XP level 1. HP: 15/15 MP: 0/0
    75 | D:1      | Reached skill level 1 in Fighting
    75 | D:1      | Reached XP level 2. HP: 21/22 MP: 0/0
   510 | D:1      | Reached XP level 3. HP: 24/27 MP: 0/0
   510 | D:1      | Learned a level 1 spell: Beastly Appendage
   696 | D:1      | Found a faded altar of an unknown god.
  1255 | D:2      | Reached XP level 4. HP: 29/33 MP: 0/0
  1866 | D:3      | HP: 1/34 [something/magic dart (5)]
  2466 | D:3      | Noticed a phantom
  2493 | D:2      | Killed a phantom
  2494 | D:2      | Reached XP level 5. HP: 6/40 MP: 0/0
  2494 | D:2      | Learned a level 2 spell: Poisonous Vapours
  2913 | D:2      | Killed from afar by an orc wizard

Illustrated notes

Levels and vault maps discovered:
D:1:      noname_arrival_rooms_in_the_neighbourhood, layout_basic,
          shapermc_ecumenical_altar_mp_ritualfount, minmay_door_square,
          minivault_24
D:2:      layout_basic, kennysheep_decorative_pillar
D:3:      layout_basic, nicolae_ru_great_annihilating_truth,
          mainiacjoe_overflow_large_starburst

Skill      XL: |  1  2  3  4 |
---------------+-------------+-----
Fighting       | 1 2 3 |  3.3
Spellcasting   | 3 |  3.6
Dodging        | |  2.1
Stealth        | |  1.5

Action                   |  1- 3 |  4- 6 || total
-------------------------+-------+-------++-------
Melee: Unarmed           |       |    32 ||    32
 Cast: Shock             |    73 |    42 ||   115
       Swiftness         |       |     2 ||     2
  Use: Scroll            |       |     5 ||     5
       Potion            |       |     1 ||     1
Armor: Robe              |     2 |    30 ||    32
Dodge: Dodged            |     5 |    24 ||    29

Table legend: (Time is in decaauts)
 A = Elapsed time spent in this place.
 B = Non-inter-level travel time spent in this place.
 C = Inter-level travel time spent in this place.
 D = Time resting spent in this place.
 E = Time spent auto-exploring this place.
 F = Levels seen in this place.
 G = Mean time per level.
                   A        B        C        D        E       F      G
               +--------+--------+--------+--------+--------+-----+--------+
         Total |   2913 |   2836 |     77 |    878 |   1546 |   3 |  971.0 |
       Dungeon |   2913 |   2836 |     77 |    878 |   1546 |   3 |  971.0 |
               +--------+--------+--------+--------+--------+-----+--------+

Top non-repeatable levels by time:
     D:2: 1640 daAuts
     D:1: 1113 daAuts
     D:3: 159 daAuts
